 Dungeon Crawl Stone Soup version 0.27-a0-277-g024f7ef292 (webtiles) character file.

Game seed: 13979914557105585596

210 Borgoz the Cudgeller (level 5, 0/33 HPs)
             Began as a Gargoyle Gladiator on Feb 5, 2021.
             Slain by an adder (3 damage)
             ... on level 4 of the Dungeon.
             The game lasted 00:03:30 (2867 turns).

Borgoz the Cudgeller (Gargoyle Gladiator)           Turns: 2867, Time: 00:03:31

Health: 0/33       AC: 10    Str: 17    XL:     5   Next: 88%
Magic:  5/5        EV: 12    Int:  9    God:
Gold:   201        SH:  0    Dex: 12    Spells: 4/4 levels left

rFire    . . .     SeeInvis .   a - +0 flail
rCold    . . .     Faith    .   (no shield)
rNeg     + . .     Spirit   .   h - -1 leather armour (curse)
rPois    ∞         Reflect  .   c - +1 helmet
rElec    +         Harm     .   m - +0 cloak (curse)
rCorr    .         Rampage  .   f - +0 pair of gloves
Will     .....                  (no boots)
Stlth    +.........             (no amulet)
HPRegen  0.11/turn              (no ring)
MPRegen  0.09/turn              (no ring)

@: no status effects
A: negative energy resistance 1, electricity resistance, unbreathing,
petrification resistance, miasma immunity, AC +4
a: no special abilities


You were on level 4 of the Dungeon.
You visited 1 branch of the dungeon, and saw 4 of its levels.

You collected 201 gold pieces.

Inventory:

Hand Weapons
 a - a +0 flail (weapon)
Missiles
 d - a throwing net (quivered)
Armour
 c - a +1 helmet (worn)
 e - a +0 ring mail
 f - a +0 pair of gloves (worn)
 h - a cursed -1 leather armour (worn)
 m - a cursed +0 cloak (worn)
Scrolls
 l - a scroll of remove curse {unknown}
Potions
 b - 2 potions of curing
 g - a potion of heal wounds
 j - a potion of ambrosia
 k - 2 potions of might


   Skills:
 + Level 3.7 Fighting
 + Level 4.1 Maces & Flails
 - Level 1.7 Throwing
 + Level 2.7 Armour
 + Level 3.3 Dodging


You had 4 spell levels left.
You didn't know any spells.
Your spell library contained the following spells:

 Spells                   Type           Power        Failure   Level
 Confusing Touch          Hex            0%           82%         3
 Gell's Gravitas          Tloc           0%           82%         3
 Petrify                  Tmut/Erth      0%           99%         4
 Metabolic Englaciation   Hex/Ice        0%           100%        5
 Yara's Violent Unravell  Hex/Tmut       0%           100%        5


Dungeon Overview and Level Annotations

Branches:
Dungeon (4/15)
 Temple: D:4-7

Altars:

Annotations:
D:3 2 transporters, bananainenglish's ghost, weakling MiFi


Innate Abilities, Weirdness & Mutations

You are resistant to torment.
Your stone body is resilient. (AC +4)
You are immune to poison.
You resist negative energy. (rN+)
You are resistant to electric shocks. (rElec)
You can survive without breathing.
You are immune to petrification.
You are immune to miasma.


Message History

The howler monkey hits you but does no damage.
The howler monkey barely misses you.
You sock the howler monkey!
You kill the howler monkey!
The adder bites you but does no damage. The adder bites you.
* * * LOW HITPOINT WARNING * * *
Your Maces & Flails skill increases to level 4!
You closely miss the adder. The adder barely misses you.
You hit the adder.
The adder is moderately wounded.
The adder bites you.
* * * LOW HITPOINT WARNING * * *
The adder bites you but does no damage.
You closely miss the adder.
The adder is moderately wounded.
The adder barely misses you.
You hit the adder.
The adder is moderately wounded.
The adder bites you.
You die...

.... ....
....
..##########
#.........#
#.........#
+.S.<.....#
#.@.......#
#.........#
#####.?...#
.....#
.....#
.....#
.....# ...#


You could see an adder.

Vanquished Creatures
  A howler monkey (D:4)
  Crazy Yiuf (D:2)
  An iguana (D:4)
  5 adders
  A worm (D:3)
  4 dart slugs
  A leopard gecko (D:2)
  3 orcs (D:3)
  2 giant cockroaches
  6 goblins
  6 hobgoblins
  9 kobolds
  A ball python (D:2)
  11 bats
  6 frilled lizards
  7 rats
65 creatures vanquished.

Notes
Turn   | Place    | Note
-------+----------+-------------------------------------------
     0 | D:1      | Borgoz the Gargoyle Gladiator began the quest for the Orb.
     0 | D:1      | Reached XP level 1. HP: 12/12 MP: 1/1
   153 | D:1      | Reached XP level 2. HP: 16/18 MP: 2/2
   441 | D:1      | Reached skill level 1 in Armour
   842 | D:2      | Reached XP level 3. HP: 11/22 MP: 3/3
  1464 | D:2      | Reached XP level 4. HP: 25/28 MP: 4/4
  1677 | D:2      | Found a runed translucent door.
  1678 | D:2      | Noticed Crazy Yiuf
  2045 | D:2      | Killed Crazy Yiuf
  2263 | D:3      | Reached XP level 5. HP: 30/32 MP: 5/5
  2540 | D:3      | Identified the cursed +1 short sword of Cocytus {distort,
                  | Fragile rC+ Will+++ Dex+6}
  2540 | D:3      | Noticed a big kobold
  2565 | D:3      | Noticed bananainenglish's ghost (weakling MiFi)
  2578 | D:3      | Found a transporter.
  2581 | D:3      | Found a transporter.
  2864 | D:4      | Reached skill level 4 in Maces & Flails
  2867 | D:4      | Slain by an adder

Illustrated notes

Levels and vault maps discovered:
D:1:      heliophobic_arrival_henge, layout_basic
D:2:      layout_loops_ring, uniq_crazy_yiuf_cottage
D:3:      layout_basic, gammafunk_ghost_abyssal_escape, roderic_roman_lattice
D:4:      layout_gridville, serial_shops, shop, serial_bayou_pond_b,
          eino_small_chamber_without_monster

Skill      XL: |  1  2  3  4  5 |
---------------+----------------+-----
Armour         | 1 2 |  2.7
Fighting       | 3 |  3.7
Dodging        | 3 |  3.3
Maces & Flails | 4 |  4.1
Throwing       | |  1.7

Action                   |  1- 3 |  4- 6 || total
-------------------------+-------+-------++-------
Melee: Flail             |   114 |   136 ||   250
Throw: Throwing net      |       |     3 ||     3
  Use: Scroll            |     5 |     4 ||     9
       Potion            |     1 |       ||     1
 Stab: Sleeping          |     1 |       ||     1
Armor: Leather armour    |    60 |    66 ||   126
Dodge: Dodged            |    99 |   104 ||   203

Table legend: (Time is in decaauts)
 A = Elapsed time spent in this place.
 B = Non-inter-level travel time spent in this place.
 C = Inter-level travel time spent in this place.
 D = Time resting spent in this place.
 E = Time spent auto-exploring this place.
 F = Levels seen in this place.
 G = Mean time per level.
                   A        B        C        D        E       F      G
               +--------+--------+--------+--------+--------+-----+--------+
         Total |   2921 |   2876 |     45 |    174 |   2077 |   4 |  730.2 |
       Dungeon |   2921 |   2876 |     45 |    174 |   2077 |   4 |  730.2 |
               +--------+--------+--------+--------+--------+-----+--------+

Top non-repeatable levels by time:
     D:2: 1389 daAuts
     D:1: 841 daAuts
     D:3: 659 daAuts
     D:4: 31 daAuts
